 Dungeon Crawl Stone Soup version 0.17-a0-1987-gaf5a542 (webtiles) character file.

62 4thArraOfDagon the Insei (level 4, -1/24 HPs)
             Began as a Vine Stalker Monk on Oct 6, 2015.
             Slain by a river rat (5 damage)
             ... summoned by Eustachio
             ... on level 4 of the Dungeon.
             The game lasted 00:02:57 (499 turns).

4thArraOfDagon the Insei (Vine Stalker Monk)         Turns: 499, Time: 00:02:57

Health: -1/24      AC:  7    Str: 13    XL:     4   Next: 8%
Magic:  0/5        EV: 10    Int: 11    God:
Gold:   46         SH:  0    Dex: 17    Spells: 0 memorised, 3 levels left

rFire  . . .     SeeInvis .       - Unarmed
rCold  . . .     Clarity  .     e - +0 scale mail
rNeg   . . .     SustAt   .     (no shield)
rPois  .         Gourm    .     d - +0 helmet
rElec  .         Spirit   +     (no cloak)
rCorr  .         Warding  .     (no gloves)
rMut   .         Stasis   .     (no boots)
MR     .....                    (no amulet)
Stlth  +.........               (no ring)
                                (no ring)

@: not resistant to hostile enchantments, very unstealthy
A: fangs 2, regeneration 1, magic shield, antimagic bite, no device heal 3, rot
immunity
a: no special abilities


You were on level 4 of the Dungeon.
You were not hungry.

You visited 1 branch of the dungeon, and saw 4 of its levels.

You collected 46 gold pieces.

Inventory:

Armour
 d - a +0 helmet (worn)
 e - a +0 scale mail (worn)
Comestibles
 b - a bread ration


   Skills:
 + Level 3.1 Fighting
 + Level 2.9 Dodging
 - Level 2.4 Stealth
 * Level 4.8 Unarmed Combat


You had 3 spell levels left.
You didn't know any spells.

Dungeon Overview and Level Annotations

Branches:
Dungeon (4/15)
 Temple: D:4-7

Altars:
Kikubaaqudgha
Nemelex Xobeh

Shops:
D:4 (

Annotations:
D:3 Anothat's ghost, amateur DsMo
D:4 Eustachio; Grinder


Innate Abilities, Weirdness & Mutations

You have extremely sharp teeth.
Your natural rate of healing is unusually fast.
When hurt, damage is shared between your health and your magic reserves.
Your bite disrupts and absorbs the magic of your enemies.
Potions and wands cannot restore your health.
You are immune to rotting.


Message History

Eustachio mumbles some strange words.
Unknown command.
Unknown command.
Unknown command.
You hit Grinder. You bite Grinder, but do no damage.
Grinder is severely wounded.
Grinder gestures at you.
You struggle to resist.
Unknown command.
Unknown command.
You hit Grinder. You bite Grinder, but do no damage.
Grinder is severely wounded.
Unknown command.
Unknown command.
Unknown command.
You closely miss Grinder. You bite Grinder, but do no damage.
Grinder is severely wounded.
Grinder gestures.
Grinder blinks!
The river rat bites you!
You die...

... #.###########.# .# ###
#.# #.#####.# ### #[#
#.55....# ... #.# ######.##
##.## #5# #5# #...###.# #5#
..#.....# #.#
#...####################.#
##.###.........ยง@r@b5r...#
5......# #################
...##### ####


You could see Eustachio, Grinder, a river rat, a bat and a rat.

Vanquished Creatures
  Ijyb (D:3)
  Robin (D:3)
  An adder skeleton (D:4)
  2 giant cockroaches (D:4)
  9 goblins (D:3)
  4 hobgoblins (D:3)
  A quokka (D:3)
  2 rats (D:3)
21 creatures vanquished.

Notes
Turn   | Place    | Note
--------------------------------------------------------------
     0 | D:1      | 4thArraOfDagon the Vine Stalker Monk began the quest for the Orb.
     0 | D:1      | Reached XP level 1. HP: 11/11 MP: 2/2
    55 | D:3      | Noticed Robin
   112 | D:3      | Reached XP level 2. HP: 14/16 MP: 3/3
   159 | D:3      | Killed Robin
   166 | D:3      | Reached XP level 3. HP: 5/19 MP: 4/4
   185 | D:3      | Found an ancient bone altar of Kikubaaqudgha.
   239 | D:3      | Noticed Ijyb
   286 | D:3      | Killed Ijyb
   361 | D:3      | Noticed Anothat's ghost (amateur DsMo)
   371 | D:4      | Reached XP level 4. HP: 24/24 MP: 5/5
   375 | D:4      | Found a sparkling altar of Nemelex Xobeh.
   376 | D:4      | Noticed Grinder
   385 | D:4      | Found Areyth's Weapon Boutique.
   396 | D:4      | HP: 1/24 [poison (a potion of poison)]
   403 | D:4      | HP: 1/24 [poison (a potion of poison)]
   411 | D:4      | HP: 1/24 [poison (a potion of poison)]
   430 | D:4      | Noticed Eustachio
   492 | D:4      | Paralysed by Grinder for 3 turns
   499 | D:4      | Slain by a river rat

Vault maps used:
D:1:      lightli_arrival_statuegarden
D:2:      nicolae_overflow_crystal_walls, first_bread
D:3:      lemuel_coloured_pillars_altar, nicolae_overflow_hidden_temple,
          uniq_jessica, uniq_iyjb, uniq_robin, uniq_crazy_yiuf_cottage
D:4:      nemelex_xobeh_ov_fountains_minmay, serial_shops, shop, uniq_eustachio,
          uniq_grinder, uniq_pikel

Action                   |  1- 3 |  4- 6 || total
-------------------------+-------+-------++-------
Melee: Unarmed           |    91 |    29 ||   120
  Use: Potion            |       |     1 ||     1
